 Dungeon Crawl Stone Soup version 0.31-a0-1074-g0b22e4e0f1 (webtiles) character file.

Game seed: 59266985578597851

407 wingedge the Vexing (level 6, -2/48 HPs)
             Began as a Demigod Enchanter on Dec 1, 2023.
             Slain by a black bear (6 damage)
             ... on level 4 of the Dungeon.
             The game lasted 00:20:54 (3320 turns).

wingedge the Vexing (Demigod Enchanter)             Turns: 3320, Time: 00:20:55

Health: -2/48      AC:  2    Str: 17    XL:     6   Next: 30%
Magic:  10/11      EV: 12    Int: 17    God:
Gold:   172        SH:  0    Dex: 14    Spells: 4/9 levels left

rFire   . . .        c - +2 war axe (freeze)
rCold   . . .        (no shield)
rNeg    . . .        l - +0 robe
rPois   .            (no helmet)
rElec   .            (no cloak)
rCorr   .            (no gloves)
SInv    +            (no boots)
Will    .....        x - amulet of regeneration
Stlth   ++           s - ring of see invisible
HPRegen 1.08/turn    (no ring)
MPRegen 0.12/turn

%: no passive effects
@: no status effects
A: high MP 1, forlorn, divine attributes
a: no special abilities


You were on level 4 of the Dungeon.
You visited 1 branch of the dungeon, and saw 4 of its levels.

You collected 172 gold pieces.

Inventory:

Hand Weapons
 a - a +3 dagger
 b - a +5 mace
 c - a +2 war axe of freezing (weapon)
 p - a +0 sling
 D - a +1 short sword of speed
Missiles
 i - 6 silver javelins (quivered)
 u - 4 poisoned darts
Armour
 d - a +0 chain mail
 h - a +0 scale mail
 j - a +0 leather armour
 l - a +0 robe (worn)
 y - a +0 ring mail
Jewellery
 s - a ring of see invisible (left hand)
 x - an amulet of regeneration (around neck)
Wands
 B - a wand of charming (7)
Scrolls
 g - a scroll of immolation
 n - a scroll of vulnerability {unknown}
 v - a scroll of noise
 w - a scroll of enchant weapon {unknown}
 z - a scroll of poison {unknown}
 C - a scroll of amnesia {unknown}
Potions
 e - a potion of ambrosia {unknown}
 f - a potion of magic {unknown}
 k - a potion of cancellation {unknown}
 m - 2 potions of might
 o - a potion of heal wounds {unknown}
 q - a potion of mutation {unknown}
 r - a potion of invisibility
 t - a potion of haste {unknown}
 A - a potion of brilliance {unknown}


   Skills:
 - Level 2.0 Fighting
 - Level 1.0 Short Blades
 + Level 1.1 Axes
 - Level 2.0 Dodging
 - Level 3.0 Stealth
 - Level 2.0 Spellcasting
 - Level 5.0 Hexes
 - Level 3.0 Ice Magic


You had 4 spell levels left.
You knew the following spells:

 Your Spells              Type           Power      Damage    Failure   Level
a - Ensorcelled Hibernat  Hex/Ice        30%        N/A       5%          2
b - Tukima's Dance        Hex            18%        N/A       8%          3

Your spell library contained the following spells:

 Spells                   Type           Power      Damage    Failure   Level
 Confusing Touch          Hex            18%        N/A       8%          3
 Summon Small Mammal      Summ           4%         N/A       19%         1
 Dazzling Flash           Conj/Hex       20%        N/A       21%         3
 Summon Guardian Golem    Hex/Summ       10%        N/A       21%         3
 Poisonous Vapours        Pois/Air       2%         N/A       28%         2
 Call Canine Familiar     Summ           1%         N/A       50%         3
 Mephitic Cloud           Conj/Pois/Air  1%         N/A       50%         3
 Freezing Cloud           Conj/Ice/Air   2%         6-21      98%         5


Dungeon Overview and Level Annotations

Branches:
Dungeon (4/15)
 Temple: D:4-7

Shops:
D:1 (


Innate Abilities, Weirdness & Mutations

You have an increased reservoir of magic. (+10% MP)
You shall have no god before yourself.
Your divine heritage dramatically boosts your attributes as you level up.


Message History

The black bear is heavily wounded.
The black bear bites you. The black bear claws you.
The black bear closely misses you.
Your +2 war axe of freezing glows with a cold blue light!
c - a +2 war axe of freezing (weapon)
The black bear bites you. The black bear claws you.
The black bear closely misses you.
Casting: Ensorcelled Hibernation (safe; 5% risk of failure)
Confirm with . or Enter, or press ? or * to list all spells.
Okay, then.
You barely miss the black bear.
The black bear is heavily wounded.
The black bear bites you. The black bear claws you. x2
You slash the black bear! You freeze the black bear.
The black bear is almost dead.
The black bear goes berserk!
The black bear closely misses you. The black bear claws you.
The black bear closely misses you.
You hit the black bear but do no damage.
The black bear is almost dead.
You hit the gnoll. You freeze the gnoll. The black bear bites you.
The black bear closely misses you. The black bear claws you.
The gnoll hits you with a +0 club.
* * * LOW HITPOINT WARNING * * *
The black bear closely misses you. The black bear barely misses you.
The black bear claws you.
* * * LOW HITPOINT WARNING * * *
Casting: Ensorcelled Hibernation (safe; 5% risk of failure)
Confirm with . or Enter, or press ? or * to list all spells.
Okay, then.
You hit the black bear. You freeze the black bear.
The black bear is almost dead.
You closely miss the gnoll. The black bear closely misses you.
The black bear barely misses you.
The black bear claws you but does no damage.
The gnoll hits you with a +0 club.
* * * LOW HITPOINT WARNING * * *
The black bear bites you.
* * * LOW HITPOINT WARNING * * *
The black bear misses you. The black bear claws you.
You die...

#........#...###....#8...)...##
###......#....##... #....#.....
.....##.......#.h.#.....####..
###...#..........###_.⌠.## #...
##....#..........#....#......
#...........#....##..##......
#....#.......##....####.......
###.........h........g.#......
#.#.#.....@g.....# . #....!.
########.........# #......
#......#.... #.#.... #....#...#
... ##..##.##.. ####### ....
..... ..... ...#


You could see a black bear (berserk) and a gnoll.

Vanquished Creatures
  3 wights (D:3)
  A howler monkey (D:4)
  A crimson imp (D:4)
  Jessica (D:3)
  3 adders
  2 dart slugs (D:2)
  8 orcs
  4 ball pythons
  3 endoplasms
  3 giant cockroaches
  10 goblins
  4 hobgoblins
  5 kobolds
  2 quokkas (D:1)
  2 bats (D:1)
  3 frilled lizards
  4 goblin skeletons (D:4)
  3 hobgoblin zombies (D:4)
  A kobold skeleton (D:4)
  An orc skeleton (D:4)
  2 rats
66 creatures vanquished.

Vanquished Creatures (collateral kills)
  A wight (D:3)
1 creature vanquished.

Grand Total: 67 creatures vanquished

Notes
Turn   | Place    | Note
-------+----------+-------------------------------------------
     0 | D:1      | wingedge the Demigod Enchanter began the quest for the Orb.
     0 | D:1      | Reached XP level 1. HP: 14/14 MP: 5/5
   117 | D:1      | Reached skill level 1 in Short Blades
   315 | D:1      | Found Yllong's Antique Weapon Boutique.
   378 | D:1      | Reached XP level 2. HP: 12/20 MP: 7/7
   426 | D:1      | Learned a level 2 spell: Ensorcelled Hibernation
   959 | D:1      | Reached skill level 3 in Hexes
  1099 | D:2      | Reached skill level 1 in Ice Magic
  1401 | D:2      | Reached XP level 3. HP: 26/26 MP: 8/8
  2505 | D:3      | Noticed a wight
  2506 | D:3      | Noticed a wight
  2616 | D:3      | Noticed Jessica
  2620 | D:3      | Killed Jessica
  2621 | D:3      | Reached XP level 4. HP: 34/34 MP: 9/9
  2811 | D:3      | Learned a level 3 spell: Tukima's Dance
  2831 | D:3      | Reached skill level 1 in Fighting
  2877 | D:3      | Reached skill level 4 in Hexes
  2877 | D:3      | Reached XP level 5. HP: 32/40 MP: 6/10
  3164 | D:4      | Reached XP level 6. HP: 48/48 MP: 2/11
  3266 | D:4      | Reached skill level 5 in Hexes
  3298 | D:4      | Reached skill level 1 in Axes
  3320 | D:4      | Slain by a black bear

Illustrated notes

Levels and vault maps discovered:
D:1:      minmay_arrival_split_and_join, layout_basic, serial_shops, shop,
          roderic_roman_lattice, minivault_23
D:2:      minmay_evil_eye, layout_basic
D:3:      layout_basic, uniq_jessica
D:4:      layout_cave_pools, gammafunk_temple_overflow_pools,
          nicolae_tso_besieged_by_evil, cheibrodos_sewer_entry_bend,
          minmay_manual_mandibuliform

Skill      XL: |  1  2  3  4  5  6 |
---------------+-------------------+-----
Short Blades   | 1 |  1.0
Dodging        | 2 |  2.0
Spellcasting   | 2 |  2.0
Stealth        | 3 |  3.0
Hexes          | 3 4 5 |  5.0
Ice Magic      | 1 2 3 |  3.0
Fighting       | 1 2 |  2.0
Axes           | 1 |  1.1

Action                     |  1- 3 |  4- 6 || total
---------------------------+-------+-------++-------
  Melee: Dagger            |    58 |     7 ||    65
         War axe           |     1 |    34 ||    35
         Club              |       |    15 ||    15
         Mace              |       |    17 ||    17
         Punch             |       |     1 ||     1
  Throw: Javelin           |       |     6 ||     6
   Cast: Ensorcelled Hiber |    24 |    10 ||    34
         Tukima's Dance    |       |     8 ||     8
    Use: Potion            |     1 |       ||     1
         Scroll            |       |     3 ||     3
   Stab: Sleeping          |    25 |     4 ||    29
         Distracted        |       |     1 ||     1
 Armour: Robe              |    20 |    61 ||    81
  Dodge: Dodged            |    31 |    63 ||    94

Table legend: (Time is in decaauts)
 A = Elapsed time spent in this place.
 B = Non-inter-level travel time spent in this place.
 C = Inter-level travel time spent in this place.
 D = Time resting spent in this place.
 E = Time spent auto-exploring this place.
 F = Levels seen in this place.
 G = Mean time per level.
                   A        B        C        D        E       F      G
               +--------+--------+--------+--------+--------+-----+--------+
         Total |   3338 |   3057 |    281 |    828 |    109 |   4 |  834.5 |
       Dungeon |   3338 |   3057 |    281 |    828 |    109 |   4 |  834.5 |
               +--------+--------+--------+--------+--------+-----+--------+

Top non-repeatable levels by time:
     D:1: 1092 daAuts
     D:2: 1012 daAuts
     D:3: 986 daAuts
     D:4: 247 daAuts
